 Dungeon Crawl Stone Soup version 0.29.1-1-gd02db6906a (webtiles) character file.

Game seed: 32507063862274946

53 wingedge the Gusty (level 3, -1/28 HPs)
             Began as a Demigod Air Elementalist on Oct 14, 2022.
             Shot with an arrow by a centaur (7 damage)
             ... on level 3 of the Dungeon.
             The game lasted 00:05:57 (2526 turns).

wingedge the Gusty (Demigod Air Elementalist)       Turns: 2526, Time: 00:05:57

Health: -1/28      AC:  3    Str: 13    XL:     3   Next: 41%
Magic:  7/8        EV: 12    Int: 17    God:
Gold:   147        SH:  0    Dex: 14    Spells: 3/6 levels left

rFire   . . .      SeeInvis .   c - +0 war axe
rCold   . . .      Faith    .   (no shield)
rNeg    . . .      Spirit   .   k - +0 leather armour
rPois   .          Reflect  .   (no helmet)
rElec   .          Harm     .   (no cloak)
rCorr   .          Rampage  .   (no gloves)
Will    .....                   (no boots)
Stlth   ++........              (no amulet)
HPRegen 0.09/turn               (no ring)
MPRegen 0.11/turn               (no ring)

@: no status effects
A: high MP 1, forlorn, divine attributes
a: no special abilities


You were on level 3 of the Dungeon.
You visited 1 branch of the dungeon, and saw 3 of its levels.

You collected 147 gold pieces.

Inventory:

Hand Weapons
 c - a +0 war axe (weapon)
Missiles
 j - 11 poisoned darts (quivered)
Armour
 k - a +0 leather armour (worn)
Scrolls
 a - 2 scrolls of enchant armour {unknown}
 d - a scroll of vulnerability {unknown}
 e - 2 scrolls of amnesia {unknown}
 g - 5 scrolls of identify {unknown}
 n - 2 scrolls of immolation {unknown}
 o - a scroll of brand weapon {unknown}
 p - 2 scrolls of blinking {unknown}
Potions
 b - a potion of magic
 f - 2 potions of curing {unknown}
 h - 2 potions of heal wounds {unknown}
 i - a potion of flight {unknown}
 l - 2 potions of might {unknown}
 m - a potion of brilliance {unknown}


   Skills:
 + Level 1.1 Fighting
 - Level 1.0 Axes
 - Level 2.0 Dodging
 - Level 1.7 Stealth
 - Level 2.0 Spellcasting
 - Level 2.0 Conjurations
 - Level 3.0 Air Magic


You had 3 spell levels left.
You knew the following spells:

 Your Spells              Type           Power      Damage    Failure   Level
a - Shock                 Conj/Air       40%        1d5       9%          1
b - Static Discharge      Conj/Air       10%        3-5/arc   13%         2

Your spell library contained the following spells:

 Spells                   Type           Power      Damage    Failure   Level
 Swiftness                Air            11%        N/A       22%         3
 Airstrike                Air            5%         2d(1-17)  56%         4


Dungeon Overview and Level Annotations

Branches:
Dungeon (3/15)

Shops:
D:1 *


Innate Abilities, Weirdness & Mutations

You have an increased reservoir of magic. (+10% MP)
You shall have no god before yourself.
Your divine heritage dramatically boosts your attributes as you level up.


Message History

Casting: Shock (safe; 9% risk of failure)
Confirm with . or Enter, or press ? or * to list all spells.
Okay, then.
Throw: 14 darts (poison)
Press: ? - help, Q - select action, (/) - cycle Shift-Dir - straight line, f - centaur
Aim: a centaur, wielding a +0 hand axe (wandering, hasn't noticed you, 69% to hit)
You throw a poisoned dart. The poisoned dart hits the centaur.
The centaur is poisoned.
The centaur shouts!
You hear a shout!
The centaur unwields a +0 hand axe.
The centaur wields a +0 shortbow.
The centaur shoots an arrow.
The arrow closely misses you.
Throw: 13 darts (poison)
Press: ? - help, Q - select action, (/) - cycle Shift-Dir - straight line, f/p - centaur
Aim: a centaur, wielding a +0 shortbow (poisoned, 69% to hit)
You throw a poisoned dart. The poisoned dart hits the centaur.
The centaur looks even sicker.
The centaur shoots an arrow.
The arrow closely misses you.
Throw: 12 darts (poison)
Press: ? - help, Q - select action, (/) - cycle Shift-Dir - straight line, f/p - centaur
Aim: a centaur, wielding a +0 shortbow (very poisoned, 69% to hit)
You throw a poisoned dart. The poisoned dart hits the centaur.
The centaur looks even sicker.
The centaur shoots an arrow.
The arrow hits you!
Casting: Shock (safe; 9% risk of failure)
Confirm with . or Enter, or press ? or * to list all spells.
Okay, then.
Okay, then.
Okay, then.
Casting: Shock (safe; 9% risk of failure)
Confirm with . or Enter, or press ? or * to list all spells.
Aiming: Shock (safe; 9% risk of failure)
Press: ? - help, Shift-Dir - straight line, f/p - centaur
Aim: a centaur, wielding a +0 shortbow (moderately wounded, very poisoned, 81% to hit)
The zap hits the centaur.
The centaur is heavily wounded.
The centaur shoots an arrow.
The arrow hits you!
* * * LOW HITPOINT WARNING * * *
The centaur shoots an arrow.
The arrow hits you!
You die...

#..........
.. #..
#.########.
# #..# ##.#
#.# #.# #.#
#.# #@#
#.### #...#
###.# #c#
#.# #># #c#
...


You could see a centaur (very poisoned).

Vanquished Creatures
  A worm (D:3)
  A dart slug (D:1)
  4 ball pythons
  2 bats (D:1)
  4 endoplasms
  2 giant cockroaches
  5 goblins
  5 hobgoblins
  4 jackals (D:1)
  5 kobolds
  A quokka (D:2)
  7 frilled lizards
  3 rats (D:2)
44 creatures vanquished.

Notes
Turn   | Place    | Note
-------+----------+-------------------------------------------
     0 | D:1      | wingedge the Demigod Air Elementalist began the quest for
                  | the Orb.
     0 | D:1      | Reached XP level 1. HP: 14/14 MP: 5/5
    18 | D:1      | Reached skill level 1 in Conjurations
    70 | D:1      | Found Emulid's Assorted Antiques.
   100 | D:1      | Reached skill level 3 in Air Magic
   351 | D:1      | Reached skill level 1 in Fighting
   399 | D:1      | Reached XP level 2. HP: 23/23 MP: 5/7
   643 | D:1      | Reached skill level 1 in Axes
   831 | D:1      | Learned a level 2 spell: Static Discharge
  1534 | D:1      | Reached XP level 3. HP: 23/28 MP: 8/8
  2519 | D:3      | Noticed a centaur
  2526 | D:3      | Shot with an arrow by a centaur

Illustrated notes

Levels and vault maps discovered:
D:1:      roderic_crossed_star, layout_basic, shapermc_ecumenical_altar_petra,
          serial_shops, nicolae_shop_behind_doors
D:2:      layout_rooms
D:3:      layout_rooms

Skill      XL: |  1  2  3 |
---------------+----------+-----
Conjurations   | 1 2 |  2.0
Air Magic      | 3 |  3.0
Fighting       | 1 |  1.1
Axes           | 1 |  1.0
Dodging        | 2 |  2.0
Spellcasting   | 2 |  2.0
Stealth        | |  1.7

Action                   || total
-------------------------++-------
Melee: War axe           ||    33
Throw: Dart              ||     3
 Cast: Shock             ||    72
       Static Discharge  ||     2
 Stab: Sleeping          ||     1
Armor: Robe              ||     5
       Leather armour    ||     2
Dodge: Dodged            ||    25
